 Dungeon Crawl Stone Soup version 0.32-a0-119-g2e8054a333 (webtiles) character file.

Game seed: 8486944258678723053

72191 SirCocksucker69 the Impregnable (level 15, -6/115 HPs)
             Began as a Formicid Fighter on Feb 5, 2024.
             Was an Initiate of Gozag.
             Mangled by Saint Roka
             ... wielding a +0 great sword of electrocution
              (7 damage)
             ... on level 2 of the Orcish Mines on Feb 6, 2024.
             The game lasted 01:04:59 (23972 turns).

SirCocksucker69 the Impregnable (Formicid Fighter) Turns: 23972, Time: 01:05:01

Health: -6/115     AC: 36    Str: 33    XL:     15   Next: 85%
Magic:  13/13      EV:  9    Int:  9    God:    Gozag
Gold:   5031       SH:  6    Dex: 13    Spells: 14/14 levels left

rFire   . . .        m - +8 battleaxe (flame)
rCold   . . .        c - +0 buckler
rNeg    . . .        B - +10 plate armour {ponderous}
rPois   .            (helmet unavailable)
rElec   .            x - +2 cloak
rCorr   .            (no gloves)
SInv    +            D - +0 pair of boots
Will    ++...        (no amulet) Stlth
                     f - +6 ring of strength
HPRegen 0.39/turn    H - ring of willpower
MPRegen 0.13/turn

%: no passive effects
@: slow
A: permanent stasis, dig shafts and tunnels, antennae 3, four strong arms, low
MP 1
a: Dig, Shaft Self, Renounce Religion, Potion Petition, Call Merchant, Bribe
Branch


You were on level 2 of the Orcish Mines.
You worshipped Gozag.
Gozag was greatly pleased with you.
You visited 4 branches of the dungeon, and saw 20 of its levels.
You also visited: Sewer and Ossuary.

You collected 7010 gold pieces.
You spent 1911 gold pieces at shops.
You paid 68 gold pieces to Gozag.

Inventory:

Hand Weapons
 a - a +1 vampiric war axe
 m - a +8 battleaxe of flaming (weapon)
 N - the +11 quarterstaff of Nuash {speed, rF++ rCorr Int-4 Dex+4}
   (You found it on level 10 of the Dungeon)

   Int-4:     It affects your intelligence (-4).
   Dex+4:     It affects your dexterity (+4).
   rF++:      It greatly protects you from fire.
   rCorr:     It protects you from acid and corrosion.
Missiles
 o - a throwing net
Armour
 c - a +0 buckler (worn)
 x - a +2 cloak (worn)
 B - a +10 plate armour of ponderousness (worn)
 D - a +0 pair of boots (worn)
Jewellery
 f - a +6 ring of strength (left hand)
 i - a ring of positive energy
 q - a ring of poison resistance
 H - a ring of willpower (right hand)
 J - a ring of protection from cold
 P - a +5 ring of evasion
 Q - an amulet of guardian spirit
Wands
 h - a wand of charming (6)
 k - a wand of flame (51)
 p - a wand of polymorph (19)
 w - a wand of quicksilver (6)
 z - a wand of roots (5)
 K - a wand of mindburst (3)
Scrolls
 d - 2 scrolls of poison
 e - 3 scrolls of fog
 g - a scroll of immolation
 l - 3 scrolls of noise
 r - a scroll of silence {unknown}
 y - 5 scrolls of identify
 E - a scroll of butterflies
 G - a scroll of revelation
 L - a scroll of vulnerability
 O - a scroll of enchant armour
Potions
 b - 4 potions of lignification
 j - 3 potions of curing
 n - 3 potions of mutation {unknown}
 s - 3 potions of haste {unknown}
 t - 3 potions of brilliance {unknown}
 v - a potion of might
 A - a potion of berserk rage {unknown}
 C - 2 potions of resistance {unknown}
 F - a potion of magic {unknown}
 I - 4 potions of degeneration {unknown}
 M - a potion of attraction {unknown}
 T - a potion of enlightenment {unknown}
 U - 2 potions of cancellation {unknown}
Miscellaneous
 R - a lightning rod (4/4)
 S - a condenser vane


   Skills:
 - Level 10.0 Fighting
 + Level 15.3 Axes
 * Level 22.3 Armour
 - Level 10.6 Shields


You had 14 spell levels left.
You didn't know any spells.
Your spell library contained the following spells:

 Spells                   Type           Power      Damage    Failure   Level
 Magic Dart               Conj           0%         1d3       82%         1
 Shock                    Conj/Air       0%         1d3       82%         1
 Searing Ray              Conj           0%         2d4       91%         2
 Call Canine Familiar     Summ           0%         N/A       99%         3
 Inner Flame              Hex/Fire       0%         N/A       99%         3
 Sigil of Binding         Hex            0%         N/A       99%         3
 Airstrike                Air            0%         2d(0-16)  100%        4
 Animate Armour           Summ/Erth      0%         N/A       100%        4
 Dimensional Bullseye     Hex/Tloc       0%         N/A       100%        4
 Flame Wave               Conj/Fire      0%         2d4       100%        4
 Fulminant Prism          Conj/Alch      0%         3d5       100%        4
 Sticky Flame             Fire/Alch      0%         2d4       100%        4
 Summon Lightning Spire   Summ/Air       0%         N/A       100%        4
 Lee's Rapid Deconstruct  Erth           0%         3d4*      100%        5
 Malign Gateway           Summ/Tloc      0%         N/A       100%        7
 Summon Horrible Things   Summ           0%         N/A       100%        8
 Swiftness                Air            Unusable   N/A       N/A         3

Dungeon Overview and Level Annotations

Branches:
Dungeon (12/15)            Temple (1/1) D:4            Lair (5/5) D:11
  Swamp (0/4) Lair:3       Spider (0/4) Lair:3        Slime (0/5) Lair:5
    Orc (2/2) D:12            Elf (0/3) Orc:2         Sewer (visited)
Ossuary (visited)

Altars:
Ashenzari
Cheibriados
Dithmenos
Elyvilon
Fedhas
Gozag
Hepliaklqana
Kikubaaqudgha
Makhleb
Nemelex Xobeh
Okawaru
Qazlal
Ru
Sif Muna
Trog
Uskayaw
Vehumet
Wu Jian
Xom
Yredelemnul
Zin
The Shining One

Shops:
D:1 [?!:!   D:3 *(   D:8 :   D:9 ?([(*

Annotations:
D:7 1 runed translucent door, Morbidden's ghost, novice TrSh
Orc:2 Saint Roka; Urug


Innate Abilities, Weirdness & Mutations

You cannot be hasted, slowed, berserked, paralysed or teleported.
You can dig through walls and to a lower floor.
You have a pair of large antennae on your head. (SInv)
Your four strong arms can wield two-handed weapons with a shield.
Your magical capacity is low. (-10% MP)


Message History

The orc warrior hits you but does no damage.
The orc warrior throws a boomerang.
The boomerang hits you but does no damage.
The orc warrior hits you with a +0 battleaxe.
You slice Saint Roka!! You burn Saint Roka.
Saint Roka is moderately wounded.
You slice the orc warrior!! You burn the orc warrior!
You kill the orc warrior!
The orc warrior hits you but does no damage.
Saint Roka hits you with a +0 great sword of electrocution!!
You block the orc warrior's attack.
You slice Saint Roka!! You burn Saint Roka.
Saint Roka is heavily wounded.
The orc warrior throws a boomerang.
The boomerang barely misses you. Saint Roka hits you but does no damage.
The orc warrior throws a boomerang.
The boomerang barely misses you.
Okay, then.
Okay, then.
You barely miss Saint Roka.
Saint Roka is heavily wounded.
The orc warrior hits you but does no damage.
Saint Roka hits you with a +0 great sword of electrocution!
You are electrocuted!
* * * LOW HITPOINT WARNING * * *
The orc warrior hits you from afar with a +0 glaive!
* * * LOW HITPOINT WARNING * * *
You feel better.
The orc warrior hits you from afar with a +0 trident!
* * * LOW HITPOINT WARNING * * *
Saint Roka hits you with a +0 great sword of electrocution!
* * * LOW HITPOINT WARNING * * *
You block the orc warrior's attack.
Okay, then.
You hit Saint Roka but do no damage.
Saint Roka is heavily wounded.
The orc warrior throws a boomerang.
The boomerang completely misses you.
Saint Roka hits you with a +0 great sword of electrocution!
You die...
Saint Roka roars, "Praise to Beogh!"
Your body crumbles into a pile of gold.

...................#.......##.##
#...........................##
#.....................)......####
.....................###......#.#
..##............>......#...#.#...
...##...................#.#...#..
.........#....o.o......#.........
..............................##.
...............$@o........#...#.#
..................[.....####.#...
...........##...<...........##...
...............[.................
..............[<.......#.........
.....................##.......#.#
#................................
.#..........))...................
............)).................#.


You could see Saint Roka and 2 orc warriors.

Vanquished Creatures
  Kirke (D:12)
  Snorg (D:11)
  The ghost of anet the Cleaver, a journeyman HOCj of Hepliaklqana (Lair:1)
  3 hydras (Lair:5)
  3 catoblepae (Lair:5)
  A two-headed ogre (D:9)
  A boulder beetle (Lair:3)
  8 death yaks (Lair:5)
  Nergalle (D:10)
  A skyshark (Lair:5)
  Amaemon (D:11)
  2 spriggan druids (Lair:3)
  2 orc knights
  Maurice (D:7)
  2 cyclopes (D:11)
  3 orc sorcerers (Orc:2)
  2 manticores (Lair:5)
  26 elephants
  5 black mambas
  2 kobold blastminers (Orc:2)
  2 torpor snails
  4 orange demons
  12 komodo dragons
  14 cane toads
  A kobold demonologist (D:9)
  3 unseen horrors
  Psyche (D:11)
  3 rime drakes
  A hellwing (D:10)
  3 trolls
  3 polar bears
  25 blink frogs
  5 dream sheep (Lair:5)
  3 shadows
  A vampire (D:12)
  5 wyverns
  5 hogs (D:12)
  2 basilisks
  72 yaks
  Grum (D:8)
  2 wargs
  A redback (Lair:3)
  A steam dragon (D:9)
  3 vampire mosquitoes (D:12)
  2 neqoxecs (D:10)
  Menkaure (D:6)
  2 acid dragons
  19 water moccasins
  23 orc warriors
  A sky beast (D:7)
  17 wolves
  4 centaurs
  3 ogres
  A phantom (D:6)
  5 kobold brigands
  12 bullfrogs
  11 water moccasin zombies (Ossuary)
  3 scorpions
  12 wights
  A burial acolyte (Ossuary)
  5 killer bees
  12 howler monkeys
  15 orc priests
  5 jellies
  2 bombardier beetles (D:6)
  A spectral scorpion (Ossuary)
  A hound (D:6)
  2 iguanas
  A sleepcap (D:6)
  4 gnoll boudas
  5 hell rats
  20 orc wizards
  2 crocodile zombies (Ossuary)
  2 mummies (Ossuary)
  8 gnolls
  2 adders
  2 ufetubi (D:7)
  5 adder zombies (Ossuary)
  58 orcs
  7 ball pythons
  3 bats
  10 endoplasms
  3 giant cockroaches
  5 goblins
  4 hobgoblins
  5 jackals (D:1)
  2 quokkas
  4 frilled lizards
  5 gnoll zombies (Ossuary)
  A goblin zombie (D:4)
  3 jackal zombies (Ossuary)
  20 kobolds
  5 orc zombies (Ossuary)
  12 rats
  A rat zombie (D:4)
599 creatures vanquished.

Vanquished Creatures (others)
  4 orc wizards (Orc:2)
  3 orcs (Orc:2)
7 creatures vanquished.

Grand Total: 606 creatures vanquished

Notes
Turn   | Place    | Note
-------+----------+-------------------------------------------
     0 | D:1      | SirCocksucker69 the Formicid Fighter began the quest for
                  | the Orb.
     0 | D:1      | Reached XP level 1. HP: 18/18 MP: 1/1
    28 | D:1      | Found Titoypisch's Book Shop.
    69 | D:1      | Reached XP level 2. HP: 22/24 MP: 2/2
   119 | D:1      | Found Wyepho's Distillery.
   164 | D:1      | Found Avofrei's Distillery.
   185 | D:1      | Found Gaseap's Magic Scroll Emporium.
   257 | D:1      | Found Epsilom's Antique Armour Boutique.
   273 | D:1      | Reached XP level 3. HP: 30/30 MP: 3/3
   800 | D:2      | Found a faded altar of an unknown god.
  1139 | D:3      | Found Kimo's Antique Weapon Shoppe.
  1222 | D:3      | Found Caqoisk's Assorted Antiques.
  1480 | D:3      | Reached XP level 4. HP: 21/37 MP: 4/4
  2082 | D:4      | Found a shimmering altar of Xom.
  2210 | D:4      | Found a sand-covered staircase.
  2236 | Ossuary  | Entered an ossuary
  2285 | Ossuary  | Reached skill level 5 in Fighting
  2285 | Ossuary  | Reached XP level 5. HP: 42/44 MP: 5/5
  2290 | Ossuary  | Reached XP level 6. HP: 46/51 MP: 6/6
  2432 | Ossuary  | Reached skill level 5 in Axes
  2432 | Ossuary  | Reached XP level 7. HP: 43/58 MP: 7/7
  2719 | Ossuary  | Reached XP level 8. HP: 21/67 MP: 8/8
  4123 | D:4      | Found a staircase to the Ecumenical Temple.
  4128 | Temple   | Entered the Ecumenical Temple
  4146 | Temple   | Became a worshipper of Gozag Ym Sagoz the Greedy
  4484 | D:5      | Entered Level 5 of the Dungeon
  4591 | D:5      | Found a glowing drain.
  4595 | Sewer    | Entered a sewer
  4945 | D:5      | Found a glowing silver altar of Zin.
  5062 | D:5      | Found the +7 Kryia's mail coat {PotionHeal*2 rC+}
  5219 | D:6      | Found a shimmering blue altar of Sif Muna.
  5224 | D:6      | Reached XP level 9. HP: 66/75 MP: 9/9
  5296 | D:6      | Found a bloodstained altar of Trog.
  5502 | D:6      | Noticed a +0 falchion
  5502 | D:6      | Noticed a +0 falchion
  5504 | D:6      | Noticed a +0 dagger
  5509 | D:6      | Noticed a +0 spear
  5510 | D:6      | Noticed a +0 spear
  5510 | D:6      | Noticed a +0 short sword
  5510 | D:6      | Noticed a +0 dagger
  5510 | D:6      | Noticed a +0 short sword
  5529 | D:6      | Found a hide-covered altar of Uskayaw.
  5560 | D:6      | Found a basalt altar of Yredelemnul.
  5795 | D:6      | Noticed Menkaure
  5803 | D:6      | Killed Menkaure
  6020 | D:6      | Reached skill level 10 in Fighting
  6035 | D:6      | HP: 2/64 [wight/+4 scimitar of freezing (5)]
  6308 | D:6      | Reached skill level 4 in Armour
  6505 | D:7      | Reached XP level 10. HP: 85/85 MP: 10/10
  6525 | D:7      | Noticed Maurice
  6533 | D:7      | Reached skill level 5 in Armour
  6554 | D:7      | Maurice stole a +1 vampiric war axe
  6560 | D:7      | Something stole a maw talisman
  6561 | D:7      | Something stole 726 gold
  6609 | D:7      | Killed Maurice
  6610 | D:7      | Reached skill level 10 in Axes
  6610 | D:7      | Reached skill level 6 in Armour
  6739 | D:7      | Found an iron altar of Okawaru.
  6740 | D:7      | Found a hazy altar of Hepliaklqana.
  6740 | D:7      | Found a shadowy altar of Dithmenos.
  7103 | D:7      | Found a runed translucent door.
  7103 | D:7      | Noticed Morbidden's ghost (novice TrSh)
  7361 | D:1      | Bought a scroll of brand weapon for 104 gold pieces
  7406 | D:1      | Bought a potion of heal wounds for 65 gold pieces
  7516 | D:3      | Bought a runed plate armour for 702 gold pieces
  7677 | D:8      | Noticed Grum
  7680 | D:8      | Reached skill level 7 in Armour
  8177 | D:8      | Reached skill level 8 in Armour
  8354 | D:8      | Found an ornate altar of the Wu Jian Council.
  8433 | D:8      | Found Falowkig's Book Shop.
  8587 | D:8      | Killed Grum
  8588 | D:8      | Reached XP level 11. HP: 48/90 MP: 11/11
  9019 | D:9      | Found Mesm's Weapon Shop.
  9031 | D:9      | Reached skill level 9 in Armour
  9074 | D:9      | Noticed a two-headed ogre
  9197 | D:9      | Found Qeadelai's Antique Armour Emporium.
  9278 | D:9      | Killed a two-headed ogre
  9279 | D:9      | Reached skill level 10 in Armour
  9281 | D:9      | Found Keoz's General Store.
  9834 | D:9      | Found Qesur's Magic Scroll Boutique.
 10133 | D:9      | Found Ronwem's Weapon Boutique.
 10240 | D:9      | Found a burning altar of Makhleb.
 10240 | D:9      | Noticed a green death
 10329 | D:10     | Entered Level 10 of the Dungeon
 10426 | D:10     | Noticed Nergalle
 10437 | D:10     | Killed Nergalle
 10438 | D:10     | Reached skill level 11 in Armour
 10597 | D:10     | Gained mutation: Your magical capacity is low. (-10% MP) [a
                  | neqoxec]
 10899 | D:10     | Identified the +11 quarterstaff of Nuash {speed, rF++ rCorr
                  | Int-4 Dex+4}
 11068 | D:10     | Found a snail-covered altar of Cheibriados.
 11344 | D:11     | Reached XP level 12. HP: 97/97 MP: 10/10
 11356 | D:11     | Reached skill level 12 in Armour
 11887 | D:11     | Reached skill level 13 in Armour
 12725 | D:8      | Bought a manual of Armour for 1040 gold pieces
 12841 | D:11     | Found a staircase to the Lair.
 13012 | D:11     | Noticed Psyche
 13022 | D:11     | Killed Psyche
 13140 | D:11     | Noticed Amaemon
 13148 | D:11     | Killed Amaemon
 13154 | D:11     | Reached skill level 14 in Armour
 13209 | D:11     | Noticed Snorg
 13278 | D:11     | Killed Snorg
 13664 | D:11     | Identified a scroll of acquirement
 13669 | D:11     | Acquired 812 gold pieces
 13725 | Lair:1   | Entered Level 1 of the Lair of Beasts
 13830 | Lair:1   | Found a runed translucent door.
 13835 | Lair:1   | Noticed anet's ghost (journeyman HOCj)
 13941 | Lair:1   | Reached skill level 15 in Armour
 14262 | Lair:1   | Reached XP level 13. HP: 103/103 MP: 11/11
 14514 | Lair:1   | Killed anet's ghost
 14515 | Lair:1   | Reached skill level 16 in Armour
 14751 | Lair:1   | Reached skill level 17 in Armour
 14920 | Lair:2   | Reached skill level 18 in Armour
 16011 | Lair:2   | Reached skill level 5 in Shields
 16384 | Lair:3   | Reached skill level 19 in Armour
 16389 | Lair:3   | Reached XP level 14. HP: 110/110 MP: 12/12
 16614 | Lair:3   | Identified the +8 long sword of Prudence {heavy, Will+
                  | Int+2}
 16847 | Lair:3   | Found a staircase to the Swamp.
 17112 | Lair:3   | Found a hole to the Spider Nest.
 17757 | Lair:4   | Reached skill level 20 in Armour
 18162 | Lair:4   | Found a gate leading to a gauntlet.
 18765 | Lair:5   | Entered Level 5 of the Lair of Beasts
 18917 | Lair:5   | Found a staircase to the Slime Pits.
 19604 | Lair:5   | Reached skill level 10 in Shields
 19629 | Lair:5   | Reached XP level 15. HP: 85/115 MP: 13/13
 19813 | Lair:5   | Reached skill level 21 in Armour
 21157 | Lair:5   | Reached skill level 15 in Axes
 21370 | Lair:5   | Upgraded the game from 0.32-a0-39-g5c88369fb2 to
                  | 0.32-a0-119-g2e8054a333
 21902 | D:12     | Reached skill level 22 in Armour
 21983 | D:12     | Noticed Kirke
 21994 | D:12     | Noticed a sphinx
 22001 | D:12     | Killed Kirke
 22626 | D:12     | Found a staircase to the Orcish Mines.
 22793 | Orc:1    | Entered Level 1 of the Orcish Mines
 22971 | Orc:1    | Found a burning altar of Makhleb.
 23052 | Orc:2    | Entered Level 2 of the Orcish Mines
 23053 | Orc:2    | Found a staircase to the Elven Halls.
 23249 | Orc:2    | Noticed Urug
 23958 | Orc:2    | Noticed Saint Roka
 23971 | Orc:2    | HP: 1/115 [Saint Roka/+0 great sword of electrocution (14)]
 23972 | Orc:2    | Mangled by Saint Roka

Illustrated notes

Levels and vault maps discovered:
D:1:      orjb1_clovarrival, layout_rooms, serial_shops, shop,
          nicolae_shop_tiny_real_fake_doors, shop, shop, nicolae_shop_peninsula
D:2:      layout_rooms, shapermc_ecumenical_altar_totnotflames,
          hangedman_decor_lopped, corexii_leaking_fountain,
          minmay_pentomino_pile
D:3:      layout_loops_corners, serial_shops, shop, nicolae_square_shop
D:4:      minmay_wonky_spiral, layout_loops_ring, lemuel_round_altar,
          temple_doors_cd, enter_ossuary_4
D:5:      layout_cave_pools, mainiacjoe_overflow_concentric_impassable,
          mainiacjoe_sewer_entry_somewhere_in_here_2
D:6:      layout_loops_cross, mainiacjoe_overflow_24_doors,
          nicolae_uskayaw_en_pointe, mainiacjoe_overflow_small_starburst,
          lemuel_tele_altar, uniq_menkaure
D:7:      layout_cave_pools, chequers_temple_overflow_statue_of_worship,
          hellmonk_ghost_happy_afterlife, grunt_ministairs_15, nicolae_titane,
          uniq_maurice
D:8:      layout_loops_ring, mainiacjoe_overflow_alcove_2, serial_shops,
          nicolae_shop_hallway_stairs, nicolae_tricolors, uniq_grum
D:9:      layout_cave_pools, makhleb_altar_promises_db, serial_shops, shop,
          shop, nicolae_inconvenience_store, shop, nicolae_shop_rolling_square,
          onia_ninara_cookie
D:10:     layout_rooms, cheibriados_altar_1, nicolae_neqoxec_dot_bat,
          uniq_nergalle
D:11:     layout_gridville, erik_lair_orcish_takeover, uniq_psyche, uniq_snorg,
          uniq_amaemon
D:12:     layout_grid_maze, david_orc_4, uniq_kirke
Temple:   zaba_magenta_temple
Lair:1:   layout_misc_corridors, ebering_ghost_reflecting_pool
Lair:2:   layout_cave_pods, lemuel_fruit_tree
Lair:3:   layout_cave_pods, mainiacjoe_swamp_entry_angry_trees,
          spider_nest_entry_webs
Lair:4:   layout_roguey, gauntlet_entry_generic
Lair:5:   evilmike_catoblepas_cave, layout_regular_city, slime_entry_2,
          ldierk_geyser, chequers_serial_rivers_room_b
Orc:1:    layout_caves, basic_altar
Orc:2:    grunt_orc_tribal_feast, layout_caves, uniq_urug, uniq_saint_roka

Skill      XL: |  1  2  3  4  5  6  7  8  9 10 11 12 13 14 15 |
---------------+----------------------------------------------+-----
Fighting       | 4 5 6 7 8 10 | 10.0
Axes           | 3 4 5 6 7 9 11 12 13 14 15 | 15.3
Armour         | 4 8 11 15 19 20 22 | 22.3
Shields        | 5 10 | 10.6

Action                     |  1- 3 |  4- 6 |  7- 9 | 10-12 | 13-15 || total
---------------------------+-------+-------+-------+-------+-------++-------
  Melee: War axe           |   108 |    70 |   323 |       |       ||   501
         Battleaxe         |       |       |    52 |   428 |   752 ||  1232
         Unarmed           |       |       |       |     4 |       ||     4
Ability: Dig               |       |     2 |     1 |       |     3 ||     6
    Use: Scroll            |       |       |    13 |    11 |     2 ||    26
         Potion            |       |       |    11 |     5 |     2 ||    18
   Stab: Distracted        |       |       |       |     5 |     6 ||    11
 Armour: Scale mail        |    79 |    40 |    85 |       |       ||   204
         Plate armour      |       |       |   209 |   436 |   712 ||  1357
         Skin              |       |       |       |     4 |       ||     4
  Dodge: Dodged            |    54 |    32 |   115 |   174 |   297 ||   672
  Block: Buckler           |    32 |    17 |    81 |   119 |   212 ||   461

Table legend: (Time is in decaauts)
 A = Elapsed time spent in this place.
 B = Non-inter-level travel time spent in this place.
 C = Inter-level travel time spent in this place.
 D = Time resting spent in this place.
 E = Time spent auto-exploring this place.
 F = Levels seen in this place.
 G = Mean time per level.
                   A        B        C        D        E       F      G
               +--------+--------+--------+--------+--------+-----+--------+
         Total |  25320 |  22902 |   2418 |   3837 |  13015 |  22 | 1150.9 |
       Dungeon |  14260 |  12239 |   2021 |   1521 |   7399 |  12 | 1188.3 |
        Temple |     34 |     34 |      0 |      0 |      0 |   1 |   34.0 |
          Lair |   8344 |   7984 |    360 |   1384 |   4589 |   5 | 1668.8 |
  Orcish Mines |   1231 |   1195 |     36 |    307 |    621 |   2 |  615.5 |
         Sewer |    185 |    185 |      0 |      2 |     81 |   1 |  185.0 |
       Ossuary |   1263 |   1263 |      0 |    622 |    322 |   1 | 1263.0 |
               +--------+--------+--------+--------+--------+-----+--------+

Top non-repeatable levels by time:
  Lair:5: 2805 daAuts
    D:11: 1703 daAuts
  Lair:3: 1601 daAuts
  Lair:2: 1575 daAuts
     D:4: 1445 daAuts
     D:9: 1367 daAuts
     D:3: 1366 daAuts
    D:12: 1290 daAuts
     D:7: 1278 daAuts
 Ossuary: 1263 daAuts
     D:6: 1258 daAuts
     D:8: 1257 daAuts
  Lair:4: 1191 daAuts
  Lair:1: 1170 daAuts
    D:10: 1152 daAuts
